[ PARTIDA AOE2 · #505025705 ]
UnrankedBohemios vs Goths
Equipo del jugador · VICT
Equipo rival · DERR
[ ANÁLISIS DE REPETICIÓN · EXTRAÍDO DE LA PARTIDA GRABADA ]
Feudal
8:50
Castillos
24:00
Imperial
38:01
| APM promedio | 56.0 |
| APM pico | 88 |
| eAPM promedio | 28.9 |
| Aldeanos / militares | 122 / 50 |
Foco
⚔️ 40.9% · 🌾 59.1%
Archer ×19 · Scout Cavalry ×10 · Hussite Wagon ×7 · Monk ×4 · Mangonel ×3 · Trebuchet (Packed) ×3
Feudal
9:14
Castillos
26:13
Imperial
—
| APM promedio | 98.3 |
| APM pico | 148 |
| eAPM promedio | 37.8 |
| Aldeanos / militares | 107 / 98 |
Foco
⚔️ 62.4% · 🌾 37.6%
Cavalry Archer ×42 · Archer ×29 · Skirmisher ×10 · Spearman ×9 · Militia ×5 · Knight ×2
Mapa de la partida
Recursos iniciales + cada clic de construcción. Líneas = muros · curvas = relieve. ◆ oro · ⬟ piedra · ● bayas · ✦ reliquia · ◌ hueco del cierre
Tu base· Abierta — hueco de 5t
Base de Retember· ✓ Cerrada en 26:13 · 52t muro · 1 puerta(s)
Terreno inicial suavizado · ◌ = hueco del cierre detectado · pasá el cursor para detalles
Inputs por minuto
— Blackheart - - Retember
Build order — Blackheart
Primeras 150 de 299 acciones detectadas
| 0:00 | Encolar | Villager (Male) |
| 0:02 | Construir | House |
| 0:03 | Construir | House |
| 0:16 | Encolar | Villager (Male) |
| 0:37 | Encolar | Villager (Male) ×2 |
| 1:26 | Encolar | Villager (Male) |
| 2:00 | Encolar | Villager (Male) |
| 2:08 | Encolar | Villager (Male) |
| 2:28 | Construir | Lumber Camp |
| 2:43 | Encolar | Villager (Male) |
| 2:56 | Encolar | Villager (Male) |
| 3:25 | Encolar | Villager (Male) |
| 3:47 | Encolar | Villager (Male) |
| 3:56 | Construir | House |
| 3:59 | Encolar | Villager (Male) |
| 4:17 | Construir | House |
| 4:51 | Encolar | Villager (Male) |
| 5:14 | Construir | Mining Camp |
| 5:16 | Encolar | Villager (Male) |
| 5:48 | Encolar | Villager (Male) |
| 5:51 | Investigar | Loom |
| 6:40 | Investigar | Feudal Age |
| 7:31 | Construir | Barracks |
| 7:48 | Encolar | Villager (Male) |
| 8:34 | Construir | House |
| 8:50 | Edad | Edad Feudal |
| 8:58 | Construir | Archery Range |
| 9:03 | Investigar | Double-Bit Axe |
| 9:06 | Encolar | Villager (Male) |
| 9:20 | Encolar | Villager (Male) |
| 9:39 | Construir | Mill |
| 9:40 | Encolar | Archer |
| 9:40 | Encolar | Archer |
| 9:46 | Encolar | Spearman |
| 9:51 | Construir | Palisade Wall |
| 9:53 | Construir | Palisade Wall |
| 10:00 | Construir | House |
| 10:08 | Construir | Palisade Wall |
| 10:09 | Construir | Palisade Wall |
| 10:16 | Construir | Palisade Wall |
| 10:19 | Encolar | Archer |
| 10:24 | Construir | House |
| 10:25 | Construir | Palisade Wall |
| 10:32 | Construir | Blacksmith |
| 10:38 | Encolar | Villager (Male) ×2 |
| 10:51 | Construir | Farm |
| 11:02 | Encolar | Archer |
| 11:12 | Encolar | Villager (Male) |
| 11:17 | Construir | House |
| 11:24 | Investigar | Fletching |
| 11:24 | Investigar | Fletching |
| 11:40 | Encolar | Villager (Male) |
| 12:00 | Encolar | Archer |
| 12:15 | Encolar | Villager (Male) |
| 12:19 | Encolar | Archer |
| 12:25 | Construir | House |
| 12:27 | Construir | Palisade Wall |
| 12:32 | Construir | House |
| 12:46 | Encolar | Villager (Male) |
| 12:52 | Encolar | Archer |
| 12:57 | Construir | Farm |
| 12:57 | Construir | Farm |
| 13:10 | Encolar | Archer |
| 13:24 | Construir | Stable |
| 13:25 | Encolar | Archer |
| 13:26 | Encolar | Villager (Male) ×2 |
| 13:39 | Construir | Farm |
| 13:39 | Construir | Farm |
| 14:04 | Encolar | Villager (Male) |
| 14:18 | Encolar | Villager (Male) |
| 14:23 | Encolar | Archer |
| 14:30 | Construir | Farm |
| 14:33 | Encolar | Villager (Male) |
| 14:40 | Encolar | Scout Cavalry |
| 14:42 | Construir | Farm |
| 14:43 | Construir | Farm |
| 14:47 | Encolar | Villager (Male) |
| 15:02 | Construir | House |
| 15:10 | Encolar | Scout Cavalry |
| 15:12 | Encolar | Archer |
| 15:23 | Construir | Farm |
| 15:25 | Encolar | Villager (Male) |
| 15:28 | Construir | Farm |
| 15:40 | Encolar | Scout Cavalry |
| 15:46 | Encolar | Villager (Male) |
| 15:54 | Construir | Farm |
| 16:00 | Encolar | Archer |
| 16:01 | Encolar | Villager (Male) |
| 16:25 | Encolar | Scout Cavalry |
| 16:34 | Encolar | Villager (Male) |
| 16:39 | Encolar | Villager (Male) |
| 16:54 | Encolar | Scout Cavalry |
| 16:56 | Construir | Farm |
| 16:56 | Construir | Farm |
| 16:58 | Construir | Farm |
| 17:01 | Investigar | Scale Barding Armor |
| 17:33 | Encolar | Scout Cavalry |
| 17:36 | Encolar | Archer |
| 17:46 | Encolar | Scout Cavalry |
| 17:48 | Encolar | Archer |
| 17:49 | Encolar | Villager (Male) ×2 |
| 17:51 | Construir | Lumber Camp |
| 17:58 | Construir | Farm |
| 17:58 | Construir | Farm |
| 17:59 | Construir | Farm |
| 18:00 | Encolar | Villager (Male) |
| 18:19 | Construir | Farm |
| 18:23 | Encolar | Archer |
| 18:28 | Encolar | Villager (Male) |
| 18:33 | Encolar | Scout Cavalry |
| 18:42 | Construir | Farm |
| 18:46 | Construir | Farm |
| 18:49 | Encolar | Villager (Male) |
| 19:12 | Encolar | Scout Cavalry |
| 19:13 | Encolar | Archer |
| 19:14 | Encolar | Villager (Male) |
| 19:55 | Encolar | Archer |
| 19:56 | Encolar | Villager (Male) |
| 20:22 | Construir | Market |
| 20:28 | Construir | House |
| 20:30 | Construir | Palisade Wall |
| 20:42 | Encolar | Villager (Male) |
| 20:49 | Construir | Palisade Wall |
| 21:20 | Investigar | Castle Age |
| 21:32 | Encolar | Scout Cavalry |
| 21:34 | Encolar | Archer |
| 21:40 | Construir | House |
| 21:41 | Construir | Palisade Wall |
| 21:59 | Investigar | Padded Archer Armor |
| 22:09 | Encolar | Archer |
| 22:46 | Construir | Watch Tower |
| 22:53 | Construir | Mining Camp |
| 22:54 | Encolar | Villager (Male) |
| 23:33 | Construir | Lumber Camp |
| 23:50 | Construir | Outpost |
| 24:00 | Edad | Edad de los Castillos |
| 24:02 | Construir | Monastery |
| 24:07 | Encolar | Villager (Male) |
| 24:13 | Construir | Siege Workshop |
| 24:20 | Investigar | Bow Saw |
| 24:42 | Encolar | Villager (Male) |
| 24:43 | Encolar | Monk |
| 24:46 | Investigar | Fervor |
| 24:47 | Investigar | Sanctity |
| 24:58 | Encolar | Mangonel |
| 24:59 | Encolar | Villager (Male) |
| 25:09 | Investigar | Wheelbarrow |
| 25:15 | Investigar | Horse Collar |
| 25:15 | Investigar | Horse Collar |
| 25:27 | Encolar | Monk |
Build order — Retember
Primeras 150 de 334 acciones detectadas
| 0:01 | Encolar | Villager (Male) |
| 0:01 | Encolar | Villager (Male) |
| 0:02 | Encolar | Villager (Male) |
| 0:02 | Encolar | Villager (Male) |
| 0:02 | Encolar | Villager (Male) |
| 0:04 | Construir | House |
| 0:05 | Construir | House |
| 1:12 | Encolar | Villager (Male) |
| 1:44 | Encolar | Villager (Male) |
| 1:49 | Construir | Lumber Camp |
| 2:13 | Encolar | Villager (Male) |
| 2:14 | Encolar | Villager (Male) |
| 2:39 | Encolar | Villager (Male) |
| 2:40 | Encolar | Villager (Male) |
| 3:04 | Construir | House |
| 3:11 | Encolar | Villager (Male) |
| 3:43 | Encolar | Villager (Male) |
| 3:43 | Encolar | Villager (Male) |
| 3:59 | Encolar | Villager (Male) |
| 4:00 | Encolar | Villager (Male) |
| 4:11 | Encolar | Villager (Male) |
| 4:11 | Encolar | Villager (Male) |
| 4:25 | Encolar | Villager (Male) |
| 4:25 | Encolar | Villager (Male) |
| 4:42 | Encolar | Villager (Male) |
| 4:43 | Encolar | Villager (Male) |
| 4:52 | Encolar | Villager (Male) |
| 4:52 | Encolar | Villager (Male) |
| 5:04 | Encolar | Villager (Male) |
| 5:22 | Encolar | Villager (Male) |
| 5:22 | Encolar | Villager (Male) |
| 5:41 | Investigar | Loom |
| 5:54 | Construir | Barracks |
| 6:29 | Construir | House |
| 6:49 | Encolar | Villager (Male) |
| 6:56 | Construir | Mining Camp |
| 7:04 | Investigar | Feudal Age |
| 7:04 | Investigar | Feudal Age |
| 7:52 | Encolar | Militia |
| 7:52 | Encolar | Militia |
| 8:00 | Construir | Mill |
| 8:01 | Encolar | Militia |
| 8:13 | Encolar | Militia |
| 8:35 | Construir | House |
| 9:14 | Edad | Edad Feudal |
| 9:18 | Investigar | Man-at-Arms (upgrade) |
| 9:18 | Investigar | Man-at-Arms (upgrade) |
| 9:18 | Encolar | Villager (Male) |
| 9:22 | Construir | Archery Range |
| 10:07 | Encolar | Villager (Male) |
| 10:09 | Construir | Farm |
| 10:11 | Construir | Farm |
| 10:12 | Encolar | Skirmisher |
| 10:22 | Encolar | Villager (Male) |
| 10:24 | Encolar | Skirmisher |
| 10:41 | Encolar | Skirmisher |
| 10:45 | Encolar | Villager (Male) |
| 11:10 | Encolar | Skirmisher |
| 11:13 | Encolar | Villager (Male) |
| 11:17 | Encolar | Skirmisher |
| 11:27 | Construir | House |
| 11:28 | Construir | House |
| 12:22 | Encolar | Villager (Male) |
| 12:40 | Encolar | Villager (Male) |
| 12:43 | Construir | Blacksmith |
| 12:59 | Encolar | Skirmisher |
| 13:01 | Encolar | Villager (Male) |
| 13:38 | Encolar | Skirmisher |
| 13:39 | Investigar | Fletching |
| 13:39 | Investigar | Fletching |
| 13:40 | Investigar | Padded Archer Armor |
| 13:40 | Investigar | Padded Archer Armor |
| 13:40 | Encolar | Villager (Male) |
| 13:41 | Encolar | Skirmisher |
| 13:49 | Encolar | Skirmisher |
| 13:50 | Encolar | Militia |
| 14:29 | Encolar | Skirmisher |
| 14:30 | Encolar | Villager (Male) |
| 14:32 | Construir | Archery Range |
| 14:41 | Encolar | Spearman |
| 15:02 | Encolar | Archer |
| 15:03 | Encolar | Villager (Male) |
| 15:08 | Construir | House |
| 15:20 | Encolar | Archer |
| 15:25 | Construir | House |
| 15:30 | Construir | Palisade Wall |
| 15:53 | Encolar | Villager (Male) |
| 15:55 | Construir | Farm |
| 15:56 | Construir | Farm |
| 15:57 | Construir | Farm |
| 15:58 | Encolar | Villager (Male) |
| 16:00 | Construir | Palisade Wall |
| 16:03 | Construir | House |
| 16:04 | Construir | Palisade Wall |
| 16:34 | Encolar | Spearman |
| 16:42 | Encolar | Archer |
| 16:42 | Encolar | Villager (Male) |
| 16:47 | Construir | House |
| 16:49 | Construir | Palisade Wall |
| 16:51 | Construir | Palisade Wall |
| 16:55 | Encolar | Villager (Male) |
| 17:00 | Construir | Farm |
| 17:05 | Construir | Farm |
| 17:05 | Encolar | Spearman |
| 17:11 | Encolar | Villager (Male) |
| 17:51 | Encolar | Archer |
| 17:55 | Encolar | Archer |
| 17:55 | Encolar | Villager (Male) |
| 17:56 | Construir | Farm |
| 17:57 | Construir | Farm |
| 18:03 | Encolar | Archer |
| 18:04 | Encolar | Villager (Male) |
| 18:07 | Encolar | Villager (Male) |
| 18:14 | Encolar | Archer |
| 18:14 | Encolar | Villager (Male) |
| 18:20 | Encolar | Spearman |
| 18:29 | Construir | House |
| 18:30 | Construir | Palisade Wall |
| 18:34 | Encolar | Villager (Male) |
| 18:46 | Encolar | Villager (Male) |
| 18:57 | Investigar | Double-Bit Axe |
| 18:57 | Investigar | Double-Bit Axe |
| 19:07 | Encolar | Archer |
| 19:39 | Encolar | Spearman |
| 19:51 | Encolar | Archer |
| 19:54 | Construir | Farm |
| 19:56 | Construir | Farm |
| 19:56 | Encolar | Villager (Male) |
| 20:05 | Encolar | Spearman |
| 20:06 | Encolar | Archer |
| 20:10 | Encolar | Villager (Male) |
| 20:11 | Encolar | Archer |
| 20:17 | Encolar | Spearman |
| 20:17 | Encolar | Archer |
| 20:20 | Encolar | Archer |
| 20:34 | Encolar | Villager (Male) |
| 20:38 | Encolar | Archer |
| 20:43 | Construir | Palisade Gate |
| 20:44 | Construir | Palisade Wall |
| 20:47 | Construir | Lumber Camp |
| 20:48 | Encolar | Villager (Male) |
| 20:52 | Encolar | Archer |
| 20:59 | Construir | House |
| 21:25 | Encolar | Spearman |
| 21:26 | Encolar | Archer |
| 21:29 | Encolar | Archer |
| 21:30 | Encolar | Villager (Male) |
| 21:36 | Encolar | Archer |
| 21:40 | Encolar | Spearman |
| 21:48 | Encolar | Villager (Male) |
Cronología de la partida
| 5:54 | Retember · first_building Barracks |
| 7:31 | Blackheart · first_building Barracks |
| 8:50 | Blackheart · age_up feudal |
| 8:58 | Blackheart · first_building Archery Range |
| 9:14 | Retember · age_up feudal |
| 9:22 | Retember · first_building Archery Range |
| 9:51 | Blackheart · wall_segment Palisade Wall x1 |
| 9:53 | Blackheart · wall_segment Palisade Wall x1 |
| 10:08 | Blackheart · wall_segment Palisade Wall x1 |
| 10:09 | Blackheart · wall_segment Palisade Wall x1 |
| 10:16 | Blackheart · wall_segment Palisade Wall x1 |
| 10:25 | Blackheart · wall_segment Palisade Wall x1 |
| 12:27 | Blackheart · wall_segment Palisade Wall x1 |
| 13:24 | Blackheart · first_building Stable |
| 15:30 | Retember · wall_segment Palisade Wall x4 |
| 16:00 | Retember · wall_segment Palisade Wall x12 |
| 16:04 | Retember · wall_segment Palisade Wall x7 |
| 16:49 | Retember · wall_segment Palisade Wall x1 |
| 16:51 | Retember · wall_segment Palisade Wall x14 |
| 18:30 | Retember · wall_segment Palisade Wall x13 |
| 20:30 | Blackheart · wall_segment Palisade Wall x13 |
| 20:44 | Retember · wall_segment Palisade Wall x1 |
| 20:49 | Blackheart · wall_segment Palisade Wall x11 |
| 21:18 | Blackheart · first_market_buy 100 food |
| 21:19 | Blackheart · first_market_sell 100 wood |
| 21:41 | Blackheart · wall_segment Palisade Wall x10 |
| 23:02 | Retember · first_market_buy 100 food |
| 23:43 | Retember · first_market_sell 100 wood |
| 24:00 | Blackheart · age_up castle |
| 24:02 | Blackheart · first_building Monastery |
| 24:13 | Blackheart · first_building Siege Workshop |
| 26:13 | Retember · age_up castle |
| 26:18 | Retember · first_building Stable |
| 28:33 | Blackheart · first_building Castle |
| 30:33 | Retember · first_building Siege Workshop |
| 36:14 | Retember · first_building Castle |
| 38:01 | Blackheart · age_up imperial |
| 38:58 | Blackheart · wall_segment Stone Wall x1 |
| 39:50 | Retember · resign |
[ ANÁLISIS IA · 1 CRÉDITO ]
¿Qué pasó realmente en esta partida?
Wolo.gg analiza cada decisión: build order, eco, micro, errores típicos por bracket. Análisis personalizado por WhatsApp o Discord en 30 segundos.
Guía civ
Bohemios
Perfil
Jugador #6440047